Description

This is basically the build I go for in PvT every single game, I would like you to keep in mine that the specifics of when to go for things isn't as important as the general idea. As long as you are making progress getting to blink stalker disruptor and going towards that composition, don't get to put off by the timings. Every game is different and things can happen that can mess up your timings, so take them as you can.

VOD

https://www.youtube.com/watch?v=4roExUBoZZ8

Replay - PvT vs Kiddin, standard PvT Blink Stalker opener

Build Order

Get SALT Encoding   

  14  0:20  Pylon  
  15  0:40  Gateway  
  17  0:52  Assimilator  don't start mining
  19  1:24  Nexus  start mining your gas after nexus placed
  19  1:25  Action  you can do the same build going for assimilator+ cybo core and expo on 21 if you are scared of reaper/playing on a small map]
  21  1:40  Cybernetics Core  
  21  1:47  Assimilator  2nd assimilator in main
  22  1:56  Pylon  
  24  2:23  Mothership Core  MSC first
  24  2:24  Adept  Adept and warpgate come after MSC, no particiular order but after MSC
  24  2:25  Warp Gate  
  25  2:30  Action  remember to chrono only probes
  30  3:00  Sentry  sentry OR stalker, both are fine, sentry can delay your twilight a little bit but you get to scout at 100 energy
  32  3:08  Twilight Council  
  36  3:38  Gateway x2  
  38  3:47  Blink  optional, chrono if you're scared of pressure or if you want to get more aggresive with the stalkers, otherwise keep chrono on probes and get saturated!
  40  4:09  Robotics Facility  this can go BEFORE the gates if you are scared of widow mine drop/cloak banshee, otherwise getting it after the 2gateways is fine
  43  4:45  Assimilator  
  46  4:50  Action  final notes: The build can change here depending on what you are up against, I would recommend going up to 5/6 gateways here, as well as robo bay and one forge [two if you are comfortable with it]. Th
  43  4:45  Assimilator  This should be when you have 14~ workeres on your natural [still chronoing out more]
Spawning Tool Build Advisor. Get it on Overwolf

Analysis

You can do the same opener if you open 21 nexus after mining gas and taking cybo core, the build becomes the same! Going 21 nexus is better on small maps and maps where you fear the reaper, that opens 14 pylon, 15 gateway, 17 assimilator [mine gas], 19 cybo core, then into 21 nexus [don't stop probe production]

Live commentary of the game while it happens, my first person POV and what I am thinking as the game is going on live!

The build order up to 3gate robo, this is a really good standard build that is solid very pretty much all of terran's openers. Biggest decisions come in whether you want to chrono out blink and apply pressure or just chrono your probes and get ahead in economy. Also deciding if you should go robo facility first instead of 3gate into robo depending on if you think widow mine or cloak banshee are coming!

Go to:

Details

  • Created by: Mcanning      
  • Published on: Nov 23, 2015
  • Modified on: Feb 05, 2017
  • Patch: Pre-3.8.0
Show
View Real Time Build Order
Export as new Build Order

Comments (2)

On Nov. 30, 2015, 8:10 p.m., Brainth  said:

SALT encoding is broken, but hell it's an awesome build!

I'm just now getting into protoss, so this is my first build order, I found your video really easy to both follow and learn. Definitely gonna check out other builds of yours.

On Nov. 26, 2015, 4:59 p.m., Bookkee  said:

Error. Not all supply counts and times provided

Create an account to comment!